 Dungeon Crawl Stone Soup version 0.29.1-1-gd02db69 (webtiles) character file.

Game seed: 11285069835866965292

131736 mattm the Eclecticist (level 17, -1/117 HPs)
             Began as a Djinni Earth Elementalist on Oct 19, 2022.
             Was a High Priest of Hepliaklqana.
             Slain by a shock serpent (12 damage)
             ... on level 3 of the Snake Pit.
             The game lasted 01:17:31 (26204 turns).

mattm the Eclecticist (Djinni Earth Elementalist)  Turns: 26204, Time: 01:17:31

Health: -1/117     AC: 24    Str:  7    XL:     17   Next: 67%
Gold:   2123       EV: 10    Int: 29    God:    Hepliaklqana [*****.] SH:  0 Dex: 26

rFire   + + .      SeeInvis +   Y - +9 dagger of Joyful Slaughter {holy, Dex+9 SInv}
rCold   + . .      Faith    .   (no shield)
rNeg    + + +      Spirit   .   R - +6 scale mail of the Gastropod {rC+}
rPois   ∞          Reflect  .   q - +0 helmet of the Depths {rN++ Regen+ rCorr Int+4}
rElec   .          Harm     .   l - +1 cloak
rCorr   +          Rampage  .   e - +1 pair of gloves "Wigh" {rN+ Dex+3}
Will    +....                   (boots unavailable)
Stlth   +.........              F - amulet of the acrobat
HPRegen 1.09/turn               a - +4 ring of protection
MPRegen 0.00/turn               u - ring of protection from cold

@: death channelling, flying, constricted
A: reduced essence, sickness immunity, fire resistance 2, cold vulnerability 1,
float, innate caster, HP casting, extra vitality 1
a: Renounce Religion, Recall Ancestor, Ancestor Identity, Transference, Idealise


You were on level 3 of the Snake Pit.
You worshipped Hepliaklqana.
Hepliaklqana was extremely pleased with you.
You visited 5 branches of the dungeon, and saw 25 of its levels.
You also visited: Volcano.

You collected 3187 gold pieces.
You spent 1064 gold pieces at shops.

Inventory:

Hand Weapons
 Y - the +9 dagger of Joyful Slaughter (weapon) {holy, Dex+9 SInv}
   (You found it on level 14 of the Dungeon)

   It has been blessed by the Shining One to cause great damage to the undead
   and demons.
   Dex:       It affects your dexterity (+9).
   SInv:      It lets you see invisible.
Armour
 e - the +1 pair of gloves "Wigh" (worn) {rN+ Dex+3}
   (You acquired it on level 15 of the Dungeon)

   Dex:       It affects your dexterity (+3).
   rN:        It protects you from negative energy.
 l - a +1 cloak (worn)
 q - the +0 helmet of the Depths (worn) {rN++ Regen+ rCorr Int+4}
   (You acquired it on level 15 of the Dungeon)

   Int:       It affects your intelligence (+4).
   rN:        It greatly protects you from negative energy.
   Regen:     It increases your rate of health regeneration.
   rCorr:     It protects you from acid and corrosion.
 R - the +6 scale mail of the Gastropod (worn) {rC+}
   (You found it on level 5 of the Lair of Beasts)

   rC:        It protects you from cold.
Jewellery
 a - a +4 ring of protection (left hand)
 k - a ring of protection from fire
 u - a ring of protection from cold (right hand)
 F - an amulet of the acrobat (around neck)
 H - a +4 ring of evasion
 N - a +6 ring of intelligence
 V - a ring of willpower
Wands
 j - a wand of flame (36)
 s - a wand of polymorph (10)
 z - a wand of paralysis (19)
 A - a wand of iceblast (20)
 L - a wand of digging (5)
Scrolls
 b - 14 scrolls of teleportation
 f - 2 scrolls of blinking
 g - 3 scrolls of fear
 n - a scroll of brand weapon
 o - 3 scrolls of magic mapping
 p - 8 scrolls of poison {unknown}
 v - 2 scrolls of silence {unknown}
 B - 3 scrolls of enchant weapon
 I - a scroll of immolation {unknown}
 J - 2 scrolls of identify
 M - a scroll of fog
 O - a scroll of summoning
Potions
 c - 16 potions of curing
 d - 11 potions of heal wounds
 h - 2 potions of ambrosia
 m - 3 potions of might
 r - 7 potions of attraction
 t - 3 potions of cancellation
 w - 3 potions of mutation
 C - 5 potions of brilliance
 G - 4 potions of resistance {unknown}
 K - 3 potions of berserk rage {unknown}
 W - a potion of invisibility


   Skills:
 + Level 14.9 Fighting
 + Level 9.4 Armour
 + Level 11.3 Dodging
 - Level 1.5 Stealth
 + Level 16.3 Spellcasting
 - Level 10.0 Invocations


You had 7 spell levels left.
You knew the following spells:

 Your Spells              Type           Power      Damage    Failure   Level
a - Sandblast             Erth           100%       2d20      1%          1
b - Stone Arrow           Conj/Erth      100%       3d13      1%          3
c - Foxfire               Conj/Fire      100%       2x1d9     1%          1
d - Static Discharge      Conj/Air       87%        3-14/arc  1%          2
e - Passwall              Tmut/Erth      72%        N/A       1%          2
f - Petrify               Tmut/Erth      87%        N/A       1%          4
g - Swiftness             Air            87%        N/A       1%          3
h - Vampiric Draining     Necr           87%        2d12      1%          3
i - Summon Mana Viper     Hex/Summ       87%        N/A       1%          5
j - Irradiate             Conj/Tmut      43%        3d26      1%          5
k - Death Channel         Necr           43%        N/A       2%          6
l - Dispersal             Tloc           43%        N/A       2%          6
Your spell library was empty.

Dungeon Overview and Level Annotations

Branches:
Dungeon (15/15)            Temple (1/1) D:5            Lair (5/5) D:9
 Shoals (0/4) Lair:2        Snake (3/4) Lair:3        Slime (0/5) Lair:5
    Orc (2/2) D:11            Elf (0/3) Orc:2        Vaults (0/5) D:14
 Depths (0/4) D:15        Volcano (visited)

Altars:
Ashenzari
Cheibriados
Dithmenos
Elyvilon
Fedhas
Gozag
Hepliaklqana
Makhleb
Nemelex Xobeh
Okawaru
Qazlal
Ru
Trog
Uskayaw
Wu Jian
Xom
Yredelemnul
Zin
The Shining One
Jiyva

Shops:
D:4 *   D:5 [   D:14 (!(   Orc:2 *!*(   Snake:1 (!!   Snake:2 :::=

Annotations:
D:5 3 runed translucent doors, crazyjoe98's ghost, novice MiFi; mattm's ghost, amateur BaEE; mratface's ghost, novice DgAE; sablemarble's ghost, weakling DrDe
Lair:5 1 runed translucent door


Innate Abilities, Weirdness & Mutations

Your life essence is reduced to manifest your ancestor. (-10% HP)
You are immune to sickness and miasma.
You are immune to poison.
Your flesh is very heat resistant. (rF++)
You are vulnerable to cold. (rC-)
You float through the air rather than walking.
You learn spells naturally, not from books.
Your magical power is your life essence.
You have superior vitality. (+4 MHP)


Message History

Casting: Dispersal (dangerous; 2% risk of failure)
Confirm with . or Enter, or press ? or * to list all spells.
Aiming: Stone Arrow (safe; 1% risk of failure)
Press: ? - help, Shift-Dir - straight line, f - naga warrior
Aim: a naga warrior, wielding a +0 short sword, wearing a +0 robe and wearing a +1 tower shield of fire resistance (translocational energy, lightly wounded, 84% to hit)
The naga warrior blocks the stone arrow.
The shock serpent seems less confused.
The guardian serpent coils itself and waves its upper body at you.
The bolt of poison hits you but does no damage.
You resist. The shock serpent bites you!
* * * LOW HITPOINT WARNING * * *
The shock serpent shocks you!
* * * LOW HITPOINT WARNING * * *
You take 22 damage, and have 58/117 hp.
Casting: Stone Arrow (safe; 1% risk of failure)
Confirm with . or Enter, or press ? or * to list all spells.
Aiming: Stone Arrow (safe; 1% risk of failure)
Press: ? - help, Shift-Dir - straight line, f/p - naga warrior
Aim: a naga warrior, wielding a +0 short sword, wearing a +0 robe and wearing a +1 tower shield of fire resistance (lightly wounded, 84% to hit)
The naga warrior blocks the stone arrow.
* * * LOW HITPOINT WARNING * * *
The shock serpent shoots out a bolt of lightning at you!
The bolt of electricity hits you!!
* * * LOW HITPOINT WARNING * * *
The bolt of electricity hits you!
* * * LOW HITPOINT WARNING * * *
The bolt of electricity hits the shock serpent.
The shock serpent completely resists.
The naga warrior hits you but does no damage.
The naga warrior grabs you. The naga warrior constricts you.
You take 38 damage, and have 20/117 hp.
NOW THAT'S A LOTTA DAMAGE!!
The naga warrior's grasp on you weakens, but your attempt to escape fails.
The guardian serpent casts a spell at you.
The bolt of poison hits the naga warrior.
The naga warrior completely resists.
The bolt of poison hits you but does no damage.
You resist. The shock serpent bites you!
* * * LOW HITPOINT WARNING * * *
The shock serpent shocks you!
You die...

###+###
##.....##
##...8...##
##.$.......##
#..8.N@..8..#
#....S.S......#
....$..8..N..$.
....#....?#....
.8. #.....# .8.
.. #.)8..# .. .
#.....# .
#.....#


You could see a naga warrior, a shock serpent, a guardian serpent and a naga.

Vanquished Creatures
  A nagaraja (Snake:2)
  A fire dragon (D:15)
  2 boulder beetles
  An ice dragon (D:15)
  3 hydras
  An ogre mage (Volcano)
  3 anacondas (Snake:2)
  10 two-headed ogres
  A dancing weapon (D:14)
  2 centaur warriors
  3 naga warriors
  8 death yaks
  2 orc high priests (Orc:2)
  Urug (Orc:1)
  3 shock serpents (Snake:2)
  A naga sharpshooter (Snake:1)
  A hell knight (Volcano)
  A skeletal warrior (D:14)
  A salamander mystic (Snake:1)
  A naga ritualist (Snake:2)
  A deep elf archer (D:14)
  4 lindwurms (Lair:5)
  A necromancer (D:14)
  A deep elf pyromancer (D:14)
  8 orc knights
  2 orc sorcerers (Orc:1)
  A mana viper (Snake:2)
  A manticore (Lair:5)
  9 salamanders
  5 ugly things
  2 torpor snails
  6 elephants
  A naga mage (Snake:2)
  15 black mambas
  A molten gargoyle (Volcano)
  11 cane toads
  2 unseen horrors
  A rime drake (Lair:2)
  5 komodo dragons
  An efreet (D:14)
  A tengu conjurer (D:13)
  5 trolls
  8 polar bears
  A hornet (D:9)
  9 blink frogs
  2 raiju (Lair:5)
  A wyvern (D:7)
  A shadow (D:11)
  7 fire bats (Volcano)
  17 yaks
  A wraith (D:12)
  3 basilisks
  2 vampire mosquitoes
  6 wargs
  9 nagas
  7 water moccasins
  6 hell hounds (Lair:5)
  2 black bears
  A sky beast (D:7)
  27 orc warriors
  11 centaurs
  5 ogres (Orc:1)
  3 wolves (Lair:5)
  3 phantoms
  4 kobold brigands
  2 necrophages
  2 scorpions (D:6)
  7 bullfrogs
  11 wights
  5 killer bees (D:11)
  An electric eel (Lair:2)
  3 howler monkeys
  7 lava snakes
  21 orc priests
  A gnoll bouda (D:5)
  9 hounds
  Jessica (D:2)
  2 iguanas
  10 orc wizards
  9 gnolls
  7 adders
  2 shadow imps
  A white imp (D:5)
  2 ufetubi
  3 worms (D:2)
  3 dart slugs
  36 orcs
  10 endoplasms
  5 giant cockroaches
  14 hobgoblins
  3 jackals (D:1)
  30 kobolds
  5 quokkas
  8 ball pythons
  5 bats
  7 goblins
  6 rats
  A butterfly (D:1)
506 creatures vanquished.

Vanquished Creatures (collateral kills)
  A nagaraja (Snake:2)
  2 orc warlords (Orc:1)
  Nessos (Lair:5)
  A boulder beetle (D:12)
  2 catoblepae (Lair:5)
  An ogre mage (D:14)
  2 anacondas (Snake:2)
  8 hydras
  4 two-headed ogres
  A dancing weapon (D:14)
  4 centaur warriors
  A death knight (D:13)
  3 orc high priests (Orc:2)
  4 death yaks
  A shock serpent (Snake:1)
  Sonja (Lair:3)
  2 naga sharpshooters (Snake:1)
  A salamander mystic (Snake:3)
  A naga ritualist (Snake:2)
  A lindwurm (Lair:5)
  5 orc knights
  7 ugly things
  4 mana vipers
  2 orc sorcerers (Orc:1)
  3 cyclopes (D:14)
  3 manticores
  8 salamanders
  3 black mambas
  5 elephants
  3 cane toads
  3 naga magi
  Psyche (D:11)
  2 komodo dragons (Lair:4)
  2 rime drakes (Lair:5)
  2 trolls (Orc:1)
  3 polar bears (Lair:5)
  4 blink frogs
  A raiju (Lair:5)
  2 centaur simulacra
  A wyvern (Lair:5)
  A fire bat (Volcano)
  16 yaks
  A basilisk (Lair:3)
  3 vampire mosquitoes
  5 wargs
  4 nagas (Snake:2)
  An acid dragon (D:10)
  A water moccasin (Lair:5)
  7 hell hounds (Lair:5)
  10 black bears
  24 orc warriors
  10 wolves (Lair:5)
  3 ogres (Orc:1)
  3 centaurs
  2 kobold brigands (D:10)
  3 bullfrogs
  A gnoll sergeant (D:12)
  A killer bee (D:11)
  2 lava snakes
  26 orc priests
  10 orc wizards
  3 gnolls
  42 orcs
  A kobold (D:7)
  A foxfire (Lair:3)
287 creatures vanquished.

Vanquished Creatures (others)
  A hell hound (Lair:5)
  A black bear (Lair:5)
  12 knights
  An orc wizard (Orc:1)
  107 foxfires
  20 fungi
  33 plants
  2 withered plants (D:5)
177 creatures vanquished.

Grand Total: 970 creatures vanquished

Notes
Turn   | Place    | Note
-------+----------+-------------------------------------------
     0 | D:1      | mattm the Djinni Earth Elementalist began the quest for the
                  | Orb.
     0 | D:1      | mattm set off with the following spells memorised:
                  | Sandblast, Passwall, Stone Arrow, Petrify.
     0 | D:1      | Reached XP level 1. HP: 15/15 MP: 0/0
   237 | D:1      | Reached XP level 2. HP: 21/22 MP: 0/0
   267 | D:1      | Reached skill level 1 in Fighting
   717 | D:1      | Reached XP level 3. HP: 26/27 MP: 0/0
   717 | D:1      | Learned a level 1 spell: Foxfire
  1340 | D:2      | Reached skill level 3 in Spellcasting
  1822 | D:2      | Reached XP level 4. HP: 22/33 MP: 0/0
  2074 | D:2      | Noticed Jessica
  2076 | D:2      | Killed Jessica
  2748 | D:3      | Reached XP level 5. HP: 36/40 MP: 0/0
  2748 | D:3      | Learned a level 2 spell: Static Discharge
  3023 | D:3      | Found a faded altar of an unknown god.
  3176 | D:3      | Found an ornate altar of the Wu Jian Council.
  3448 | D:4      | Found Efaar's General Store.
  3528 | D:4      | Reached XP level 6. HP: 43/46 MP: 0/0
  3558 | D:4      | Reached skill level 4 in Spellcasting
  3820 | D:4      | Reached XP level 7. HP: 41/53 MP: 0/0
  3820 | D:4      | Learned a level 3 spell: Swiftness
  4081 | D:4      | Found a snail-covered altar of Cheibriados.
  4335 | D:5      | Entered Level 5 of the Dungeon
  4456 | D:5      | Found Paxiuruk's Armour Shop.
  4490 | D:5      | Reached skill level 5 in Fighting
  4738 | D:5      | Found a staircase to the Ecumenical Temple.
  4777 | Temple   | Entered the Ecumenical Temple
  4984 | Temple   | Became a worshipper of Hepliaklqana the Forgotten
  5014 | D:5      | Found a runed translucent gate.
  5014 | D:5      | Noticed mratface's ghost (novice DgAE)
  5015 | D:5      | Found a runed translucent gate.
  5015 | D:5      | Noticed sablemarble's ghost (weakling DrDe)
  5015 | D:5      | Noticed crazyjoe98's ghost (novice MiFi)
  5015 | D:5      | Noticed mattm's ghost (amateur BaEE)
  5016 | D:5      | Found a runed translucent gate.
  5133 | D:5      | Found a bloodstained altar of Trog.
  5133 | D:5      | Found a blossoming altar of Fedhas.
  5133 | D:5      | Found a hide-covered altar of Uskayaw.
  5135 | D:5      | Found a shimmering altar of Xom.
  5147 | D:5      | Reached skill level 5 in Spellcasting
  5443 | D:5      | Found the +6 shillelagh "Devastator" {shatter}
  5478 | D:5      | Reached XP level 8. HP: 60/60 MP: 0/0
  6238 | D:6      | Reached skill level 6 in Spellcasting
  6348 | D:6      | Reached XP level 9. HP: 59/68 MP: 0/0
  6348 | D:6      | Learned a level 3 spell: Vampiric Draining
  6781 | D:6      | Noticed a two-headed ogre
  6781 | D:6      | Noticed a two-headed ogre
  6920 | D:6      | Killed a two-headed ogre
  6921 | D:6      | Reached skill level 7 in Spellcasting
  6989 | D:6      | Killed a two-headed ogre
  6990 | D:6      | Reached skill level 5 in Dodging
  6990 | D:6      | Reached skill level 1 in Invocations
  6990 | D:6      | Reached XP level 10. HP: 66/78 MP: 0/0
  7048 | D:6      | Reached * piety under Hepliaklqana
  7790 | D:7      | You are sucked into a shaft and drop 3 floors!
  7790 | D:10     | Entered Level 10 of the Dungeon
  7824 | D:10     | Reached skill level 5 in Invocations
  7913 | D:10     | Noticed an unseen horror
  7922 | D:10     | Killed an unseen horror
  7973 | D:10     | Reached ** piety under Hepliaklqana
  7974 | D:10     | Remembered your ancestor Nindada as a knight
  8273 | D:10     | Noticed a two-headed ogre
  8279 | D:10     | Killed a two-headed ogre
  8280 | D:10     | Reached skill level 1 in Armour
  9238 | D:11     | Reached XP level 11. HP: 71/75 MP: 0/0
  9238 | D:11     | Learned a level 5 spell: Summon Mana Viper
  9394 | D:11     | Found a staircase to the Orcish Mines.
  9477 | D:11     | Noticed a boulder beetle
  9495 | D:11     | Killed a boulder beetle
  9891 | D:11     | Reached skill level 10 in Fighting
 10300 | D:11     | Reached *** piety under Hepliaklqana
 10533 | D:11     | Noticed Psyche
 10538 | D:11     | Killed Psyche
 10696 | D:12     | Noticed a two-headed ogre
 10703 | D:12     | Killed a two-headed ogre
 10777 | D:12     | Noticed a two-headed ogre
 10782 | D:12     | Killed a two-headed ogre
 10783 | D:12     | Reached skill level 8 in Spellcasting
 10981 | D:12     | Noticed a boulder beetle
 10994 | D:12     | Killed a boulder beetle
 10995 | D:12     | Reached skill level 5 in Armour
 11060 | D:12     | Noticed a two-headed ogre
 11066 | D:12     | Killed a two-headed ogre
 11166 | D:12     | Reached XP level 12. HP: 76/83 MP: 0/0
 11664 | D:13     | Noticed a two-headed ogre
 11671 | D:13     | Killed a two-headed ogre
 11743 | D:13     | Reached **** piety under Hepliaklqana
 12008 | D:13     | Noticed a death knight
 12018 | D:13     | Killed a death knight
 12206 | D:14     | Found Wucsirgh's Weapon Shoppe.
 12210 | D:14     | Found a broken altar of Ashenzari.
 12244 | D:14     | Found Lohoam Ecra's Distillery.
 12340 | D:14     | Bought a potion of cancellation for 112 gold pieces
 12340 | D:14     | Bought a potion of brilliance for 56 gold pieces
 12340 | D:14     | Bought a potion of curing for 42 gold pieces
 12446 | D:14     | Noticed a six-headed hydra
 12453 | D:14     | Killed a six-headed hydra
 12488 | D:14     | Noticed a +3 long sword
 12494 | D:14     | Killed a +3 long sword
 12542 | D:14     | Noticed a +9 long sword
 12543 | D:14     | Found Jyoradyrch's Weapon Emporium.
 12547 | D:14     | Killed a +9 long sword
 12751 | D:14     | Noticed a centaur warrior
 12757 | D:14     | Killed a centaur warrior
 12762 | D:14     | Noticed a boulder beetle
 12762 | D:14     | Noticed a skeletal warrior
 12772 | D:14     | Killed a boulder beetle
 12773 | D:14     | Noticed an ogre mage
 12777 | D:14     | Identified the +9 hand axe "Beiteg" {venom, +Blink}
 12778 | D:14     | Noticed an eight-headed hydra
 13012 | D:9      | Noticed a two-headed ogre
 13017 | D:9      | Killed a two-headed ogre
 13018 | D:9      | Reached skill level 9 in Spellcasting
 13018 | D:9      | Reached XP level 13. HP: 82/89 MP: 0/0
 13018 | D:9      | Learned a level 5 spell: Irradiate
 13095 | D:9      | Found a staircase to the Lair.
 13570 | Lair:1   | Entered Level 1 of the Lair of Beasts
 13665 | Lair:1   | Reached ***** piety under Hepliaklqana
 14066 | Lair:1   | Noticed a seven-headed hydra
 14072 | Lair:1   | Killed a seven-headed hydra
 14241 | Lair:2   | Found a staircase to the Shoals.
 14462 | Lair:2   | Reached skill level 10 in Dodging
 14755 | Lair:2   | Noticed a six-headed hydra
 14761 | Lair:2   | Killed a six-headed hydra
 15098 | Lair:3   | Found a staircase to the Snake Pit.
 15145 | Lair:3   | Noticed Sonja
 15150 | Lair:3   | Killed Sonja
 15523 | Lair:3   | Reached XP level 14. HP: 69/97 MP: 0/0
 15579 | Lair:3   | Reached skill level 10 in Spellcasting
 16057 | Lair:4   | Found a dark tunnel.
 16071 | Volcano  | Entered a volcano
 16311 | Volcano  | Found a bloodstained altar of Trog.
 16359 | Volcano  | Reached skill level 10 in Invocations
 16533 | Lair:4   | Identified the +4 spear of Zithra {flame, Str-3 Int+6}
 16913 | Lair:4   | Reached skill level 11 in Spellcasting
 17265 | Lair:5   | Entered Level 5 of the Lair of Beasts
 17357 | Lair:5   | Identified the +6 scale mail of the Gastropod {rC+}
 17385 | Lair:5   | Identified the +8 scimitar of Revolt {holy, rCorr Str+4}
 17470 | Lair:5   | Reached XP level 15. HP: 67/105 MP: 0/0
 17470 | Lair:5   | Learned a level 6 spell: Death Channel
 17611 | Lair:5   | Identified the -2 cloak of the Monkey {rPois rC- rCorr
                  | Int+4}
 17633 | Lair:5   | Found a runed translucent door.
 17633 | Lair:5   | Found a viscous altar of Jiyva.
 17641 | Lair:5   | Found a staircase to the Slime Pits.
 17741 | Lair:5   | Reached skill level 12 in Spellcasting
 18141 | Lair:5   | Noticed Nessos
 18153 | Lair:5   | Killed Nessos
 18154 | Lair:5   | Reached skill level 13 in Spellcasting
 18759 | Lair:5   | Identified the +2 scale mail of the Zebra {+Blink}
 19160 | Orc:1    | Entered Level 1 of the Orcish Mines
 19160 | Orc:1    | Noticed Urug
 19166 | Orc:1    | Killed Urug
 19548 | Orc:1    | Noticed an orc warlord
 19614 | Orc:1    | Reached skill level 14 in Spellcasting
 19633 | Orc:1    | Killed an orc warlord
 19637 | Orc:1    | HP: 9/99 [orc sorcerer/bolt of negative energy[an orc
                  | warlord] (36)]
 19638 | Orc:1    | Reached XP level 16. HP: 9/105 MP: 0/0
 20308 | Orc:2    | Entered Level 2 of the Orcish Mines
 21075 | Orc:2    | Found a staircase to the Elven Halls.
 21391 | Orc:2    | Reached skill level 15 in Spellcasting
 21661 | Orc:2    | Found Hanac's Antique Weapon Boutique.
 21664 | Orc:2    | Found Paifafoo's Assorted Antiques.
 21665 | Orc:2    | Found Nuosmup's General Store.
 21666 | Orc:2    | Found Uning's Distillery.
 21669 | Orc:2    | Bought a scroll of identify for 30 gold pieces
 21669 | Orc:2    | Bought a scroll of identify for 30 gold pieces
 21669 | Orc:2    | Bought a scroll of identify for 30 gold pieces
 21675 | Orc:2    | Bought 2 potions of heal wounds for 140 gold pieces
 21675 | Orc:2    | Bought a potion of invisibility for 112 gold pieces
 21676 | Orc:2    | Bought a brightly glowing dagger for 203 gold pieces
 21676 | Orc:2    | Identified the +7 dagger "Beastslayer" {freeze, Int+4} (You
                  | bought it in a shop on level 2 of the Orcish Mines)
 22092 | D:14     | Found a gate to the Vaults.
 22098 | D:14     | Identified the +1 leather armour of Jiaron {rF- rCorr
                  | Dex+6}
 22601 | D:14     | Identified the +9 dagger of Joyful Slaughter {holy, Dex+9
                  | SInv}
 22626 | D:15     | Entered Level 15 of the Dungeon
 22687 | D:15     | Identified the +0 robe of Gravity {rElec Int+6 Dex+4}
 22744 | D:15     | Identified 2 scrolls of acquirement
 22769 | D:15     | Acquired the +1 pair of gloves "Wigh" {rN+ Dex+3}
 22782 | D:15     | Acquired the +0 helmet of the Depths {rN++ Regen+ rCorr
                  | Int+4}
 23077 | D:15     | Found a staircase to the Depths.
 23389 | D:15     | Identified the ring of Tick {rF+ Str+3}
 23814 | Snake:1  | Entered Level 1 of the Snake Pit
 23902 | Snake:1  | Reached skill level 16 in Spellcasting
 23966 | Snake:1  | Reached XP level 17. HP: 104/116 MP: 0/0
 23966 | Snake:1  | Learned a level 6 spell: Dispersal
 24693 | Snake:1  | Found Wiapnit's Distillery.
 24701 | Snake:1  | Bought a potion of heal wounds for 70 gold pieces
 24701 | Snake:1  | Bought 2 potions of heal wounds for 140 gold pieces
 24701 | Snake:1  | Found Ypag's Antique Weapon Boutique.
 24731 | Snake:1  | Found Myitatus's Distillery.
 24736 | Snake:1  | Bought a potion of brilliance for 44 gold pieces
 24736 | Snake:1  | Bought a potion of heal wounds for 55 gold pieces
 25143 | Snake:1  | Identified the +6 longbow "Feonuimn" {freeze, Str+5 Stlth+}
 25478 | Snake:2  | Found Gefeb's Self-Improvement Boutique.
 25674 | Snake:2  | Found Pyof's Book Boutique.
 25675 | Snake:2  | Found Aligonu's Jewellery Shoppe.
 25676 | Snake:2  | Found Agi Tuet's Book Boutique.
 26204 | Snake:3  | HP: 11/117 [shock serpent (10)]
 26204 | Snake:3  | Slain by a shock serpent

Illustrated notes

Levels and vault maps discovered:
D:1:      matt_arrival_refuge, layout_loops_corners, hangedman_glass_garden,
          minmay_tall_x
D:2:      layout_basic, minmay_close_crescents, uniq_jessica
D:3:      layout_basic, old_standard_altar, ebering_ecumenical_altar_mist
D:4:      layout_basic, cheibriados_altar_1, serial_shops, shop
D:5:      layout_loops_ring, grunt_temple_overflow_open,
          minmay_temple_entry_trees, serial_shops, shop_statue,
          gammafunk_ghost_cemetery, grunt_ministairs_2
D:6:      kennysheep_big_flooded_room, layout_loops_ring, st_stairs_12
D:7:      layout_loops_ring, lightli_orcish_oven
D:9:      layout_rooms, dpeg_oklobed_lair, enter_bailey_5, blue_anna_alchemist
D:10:     layout_roguey
D:11:     layout_stronghold, orc_0_dummy, uniq_psyche
D:12:     layout_long_grid
D:13:     layout_small_grid
D:14:     minmay_the_grid_triangle_9x9_recursive_2_mashed
          [minmay_the_grid_triangle_9x9_prize_schism,
          minmay_the_grid_triangle_9x9_impossible_snake,
          minmay_the_grid_triangle_9x9_warning,
          minmay_the_grid_triangle_9x9_flanged_cone], layout_long_grid,
          erik_vaults_1, serial_shops, nicolae_take_the_stairs,
          nicolae_inconvenience_store, shop, cheibrodos_ashenzari_chains,
          onia_ninara_dug_in_and_dangerous
D:15:     grunt_enter_depths_hoard, layout_loops_ring
Temple:   minmay_freezing_vapour_temple
Lair:1:   layout_loops_ring
Lair:2:   layout_small_grid, minmay_shoals_entry_centaurs, serial_bayou_lagoon_b
Lair:3:   layout_small_grid, minmay_snake_entry_guardpost_small, uniq_sonja
Lair:4:   layout_loops_ring, nicolae_volcano_entry_two_sided
Lair:5:   hangedman_lair_in_review, layout_regular_city,
          hangedman_lair_caniforms_friends, slime_entry_2, minmay_lindwurm_lava,
          serial_bayou_shore_b, uniq_nessos
Snake:1:  layout_chambers, serial_shops, shop, grunt_ministairs_4, st_stairs_9,
          nicolae_snake_salamander_zone, minmay_shop_star
Snake:2:  layout_misc_corridors, grunt_ministairs_9, drop_trap,
          nicolae_shop_self_help, minmay_shop_grove
Snake:3:  layout_misc_corridors, lemuel_fruit_tree, grunt_megastairs_3
Orc:1:    layout_diamond_mine, minmay_orc_treasury, uniq_urug
Orc:2:    st_orc_pillars, layout_caves, basic_altar,
          nicolae_orc_sculptors_studio, lemuel_statue_altar

Skill      XL: |  1  2  3  4  5  6  7  8  9 10 11 12 13 14 15 16 17 |
---------------+----------------------------------------------------+-----
Fighting       | 1 2 3 4 5 7 9 10 11 12 14 | 14.9
Spellcasting   | 3 4 5 6 7 8 9 11 14 16 | 16.3
Dodging        | 5 6 8 9 10 11 | 11.3
Invocations    | 1 6 7 9 10 | 10.0
Armour         | 2 5 7 8 9 |  9.4
Stealth        | |  1.5

Action                   |  1- 3 |  4- 6 |  7- 9 | 10-12 | 13-15 | 16-18 || total
-------------------------+-------+-------+-------+-------+-------+-------++-------
Melee: Unarmed           |     1 |     1 |       |       |       |       ||     2
       Shillelagh        |       |       |     5 |       |     1 |       ||     6
       Spear             |       |       |       |       |     4 |       ||     4
 Cast: Sandblast         |    58 |    60 |    37 |    20 |     2 |       ||   177
       Stone Arrow       |       |     5 |    64 |   183 |   447 |   389 ||  1088
       Swiftness         |       |       |     2 |     1 |     2 |     2 ||     7
       Summon Mana Viper |       |       |       |    13 |    21 |    14 ||    48
       Petrify           |       |       |       |     4 |       |       ||     4
       Foxfire           |       |       |       |    12 |    46 |     2 ||    60
       Static Discharge  |       |       |       |     2 |       |     4 ||     6
       Death Channel     |       |       |       |       |    16 |    23 ||    39
       Irradiate         |       |       |       |       |       |     1 ||     1
       Dispersal         |       |       |       |       |       |     5 ||     5
Invok: Recall Ancestor   |       |       |       |     2 |     1 |     6 ||     9
       Ancestor Life: Kn |       |       |       |     1 |       |       ||     1
       Idealise          |       |       |       |     2 |     4 |     4 ||    10
Evoke: Wand              |       |       |       |       |       |     1 ||     1
  Use: Scroll            |       |       |       |    12 |     9 |     7 ||    28
       Potion            |       |       |       |     1 |     2 |     1 ||     4
Armor: Robe              |     1 |     4 |       |     2 |       |       ||     7
       Troll leather arm |       |       |       |    14 |    40 |    19 ||    73
       Scale mail        |       |       |       |       |       |    48 ||    48
Dodge: Dodged            |    12 |    11 |    18 |    31 |   126 |   121 ||   319
